 Dungeon Crawl Stone Soup version 0.29-a0-993-g4a18f31a58 (webtiles) character file.

Game seed: 12740228356875400261

3906 Newt the Covert (level 10, -2/65 HPs)
             Began as an Octopode Brigand on Aug 2, 2022.
             Was a Believer of Dithmenos.
             Killed from afar by an electric eel (15 damage)
             ... with a bolt of electricity
             ... on level 9 of the Dungeon.
             The game lasted 00:16:17 (7527 turns).

Newt the Covert (Octopode Brigand)                  Turns: 7527, Time: 00:16:17

Health: -2/65      AC:  9    Str: 21    XL:     10   Next: 20%
Magic:  10/10      EV: 20    Int: 12    God:    Dithmenos [**....]
Gold:   1122       SH:  0    Dex: 19    Spells: 9/9 levels left

rFire   . . .      SeeInvis +   v - +2 dagger (drain)
rCold   + . .      Faith    .   z - orb {light}
rNeg    . . .      Spirit   .   D - +0 hat
rPois   .          Reflect  .   (no amulet)
rElec   .          Harm     .   d - +4 ring of evasion
rCorr   +          Rampage  .   i - +6 ring of strength
Will    .....                   p - +4 ring of protection
Stlth   ++++++++..              q - +4 ring of protection
HPRegen 0.20/turn               g - ring "Lecranky" {rCorr Dex+2 SInv Stlth+}
MPRegen 0.12/turn               l - ring of protection from cold
                                (no ring)
                                (no ring)

@: no status effects
A: almost no armour, amphibious, 8 rings, camouflage 1, gelatinous body 1,
(nimble swimmer 1), tentacles, strong 1, wild magic 1, MP-powered wands
a: Renounce Religion, Shadow Step


You were on level 9 of the Dungeon.
You worshipped Dithmenos.
Dithmenos was pleased with you.
You visited 1 branch of the dungeon, and saw 9 of its levels.

You collected 1314 gold pieces.
You spent 192 gold pieces at shops.

Inventory:

Hand Weapons
 a - a +3 dagger
 v - a +2 dagger of draining (weapon)
 F - the +1 hammer "Obeonue" {spect, rPois rC+ Will+ Str+2}
   (You found it on level 5 of the Dungeon)

   When its wielder attacks, the weapon's spirit leaps out and strikes again.
   The spirit shares a part of any damage it takes with its wielder.
   Str:       It affects your strength (+2).
   rC:        It protects you from cold.
   rPois:     It protects you from poison.
   Will:      It increases your willpower.
Missiles
 b - 30 poisoned darts (quivered)
 c - 6 curare-tipped darts
 m - 2 silver boomerangs
Armour
 u - a +1 cloak
 z - an orb of light (worn)
 D - a +0 hat (worn)
Jewellery
 d - a +4 ring of evasion (left tentacle)
 g - the ring "Lecranky" (on tentacle) {rCorr Dex+2 SInv Stlth+}
   (You acquired it on level 4 of the Dungeon)

   [ring of resist corrosion]

   Dex:       It affects your dexterity (+2).
   SInv:      It lets you see invisible.
   rCorr:     It protects you from acid and corrosion.
   Stlth:     It makes you more stealthy.
 i - a +6 ring of strength (right tentacle)
 j - a ring of ice
 l - a ring of protection from cold (on tentacle)
 p - a +4 ring of protection (on tentacle)
 q - a +4 ring of protection (on tentacle)
 s - a ring of ice
 w - an amulet of the acrobat
Wands
 e - a wand of paralysis (27)
 A - a wand of polymorph (7)
 B - a wand of quicksilver (4)
 E - a wand of flame (23)
 H - a wand of mindburst (14)
Scrolls
 f - a scroll of immolation
 k - 3 scrolls of teleportation
 o - 2 scrolls of blinking
 y - 3 scrolls of noise
Potions
 h - 2 potions of degeneration
 n - 2 potions of flight
 r - 2 potions of berserk rage
 t - a potion of heal wounds
 x - 4 potions of attraction
 C - 2 potions of curing
 I - a potion of resistance {unknown}


   Skills:
 + Level 4.6 Fighting
 * Level 9.0 Short Blades
 + Level 2.3 Throwing
 + Level 5.5 Dodging
 + Level 13.6 Stealth


You had 9 spell levels left.
You didn't know any spells.
Your spell library contained the following spells:

 Spells                   Type           Power      Damage    Failure   Level
 Dazzling Flash           Conj/Hex       0%         N/A       77%         3
 Gell's Gravitas          Tloc           0%         N/A       77%         3
 Lesser Beckoning         Tloc           0%         N/A       77%         3
 Teleport Other           Tloc           0%         N/A       77%         3
 Leda's Liquefaction      Hex/Erth       0%         N/A       98%         4
 Agony                    Necr           0%         N/A       100%        5
 Lee's Rapid Deconstruct  Erth           0%         3d5*      100%        5
 Silence                  Hex/Air        0%         N/A       100%        5
 Statue Form              Tmut/Erth      0%         N/A       100%        6


Dungeon Overview and Level Annotations

Branches:
Dungeon (9/15)             Temple (0/1) D:7
   Lair: D:8-11         Orc: D:9-12

Altars:
Dithmenos
Hepliaklqana
Trog
Vehumet
Xom

Shops:
D:2 [   D:4 (:(

Annotations:
D:4 2 transporters, Yogidamonk's ghost, novice MiFi


Innate Abilities, Weirdness & Mutations

You cannot wear most types of armour.
You are amphibious.
You can wear up to eight rings at the same time.
Your skin changes colour to match your surroundings (Stealth+).
Your rubbery body absorbs attacks. (AC +1, EV +1)
((You are camouflaged when in or above water. (Stealth+)))
You have tentacles for arms and can constrict up to eight enemies at once.
Your muscles are strong. (Str +4, Int/Dex -1)
Your spells are a little harder to cast, but a little more powerful.
You expend magic power (3 MP) to strengthen your wands.


Message History

The bolt of electricity hits you.
The orc wizard hits you but does no damage.
You hit the orc wizard but do no damage.
Your grab misses the orc wizard.
You tentacle-slap the orc wizard, but do no damage.
Your squeeze misses the orc wizard.
An electric eel comes into view.
The orc wizard hits you but does no damage.
The electric eel shoots out a bolt of lightning at you!
The bolt of electricity hits the electric eel.
The electric eel completely resists.
The bolt of electricity hits you!
You hit the orc wizard but do no damage.
You grab the orc wizard.
You constrict the orc wizard, but do no damage.
The orc wizard points at you and mumbles some strange words.
You easily resist.
The electric eel shoots out a bolt of lightning at you!
The bolt of electricity hits the electric eel.
The electric eel completely resists.
The bolt of electricity misses you.
You hit the orc wizard but do no damage.
You drain the orc wizard. You squeeze the orc wizard!
The orc wizard is almost dead.
You constrict the orc wizard. You hit the orc wizard.
You kill the orc wizard!
Dithmenos accepts your kill.
The electric eel shoots out a bolt of lightning at you!
The bolt of electricity hits the electric eel.
The electric eel completely resists.
The bolt of electricity hits you.
The electric eel shoots out a bolt of lightning at you!
The bolt of electricity hits you.
The electric eel shoots out a bolt of lightning at you!
The bolt of electricity hits you!
The electric eel shoots out a bolt of lightning at you!
The bolt of electricity hits you!
* * * LOW HITPOINT WARNING * * *
The electric eel shoots out a bolt of lightning at you!
The bolt of electricity hits the electric eel.
The electric eel completely resists.
The bolt of electricity hits you!
You die...

##..≈§≈§§...##...
##..§≈§≈§..##
#...§≈§≈..#.(
#..§≈≈§≈.##k:
#..§≈≈≈≈.##
#..(≈≈≈≈..#.
##..≈≈≈≈≈?.#
#..≈§§§§k..
#@..≈≈§§≈≈.
#...≈≈≈≈§≈≈
#...)≈≈§§≈≈
#.))..§§≈≈§
≈≈~......§§§§
≈≈≈≈S......§§§§
≈≈≈≈~....#.....
≈≈≈S≈≈#####.#..
≈S≈≈≈≈ ...#


You could see 2 electric eels.

Vanquished Creatures
  Pikel (D:5)
  Grinder (D:5)
  Eustachio (D:6)
  Grum (D:8)
  Menkaure (D:6)
  An acid dragon (D:8)
  A water moccasin (D:5)
  A sky beast (D:7)
  2 ice beasts
  3 black bears
  4 wolves (D:8)
  Blork the orc (D:5)
  A phantom (D:5)
  2 kobold brigands
  A bullfrog (D:9)
  A necrophage (D:5)
  3 scorpions
  10 killer bees (D:7)
  2 electric eels
  A howler monkey (D:6)
  Crazy Yiuf (D:5)
  4 orc priests
  A hound (D:5)
  A jelly (D:6)
  An iguana (D:5)
  5 orc wizards
  6 adders
  9 gnolls
  4 river rats (D:7)
  2 white imps
  An ufetubus (D:5)
  2 worms
  3 dart slugs
  17 orcs
  10 endoplasms
  3 giant cockroaches
  7 hobgoblins
  3 jackals (D:5)
  2 quokkas (D:3)
  5 ball pythons
  6 bats
  6 frilled lizards
  12 goblins
  18 kobolds
  12 rats
180 creatures vanquished.

Vanquished Creatures (others)
  2 orcs (D:9)
  3 fungi
  A plant (D:2)
6 creatures vanquished.

Grand Total: 186 creatures vanquished

Notes
Turn   | Place    | Note
-------+----------+-------------------------------------------
     0 | D:1      | Newt the Octopode Brigand began the quest for the Orb.
     0 | D:1      | Reached XP level 1. HP: 14/14 MP: 1/1
   226 | D:1      | Reached XP level 2. HP: 19/19 MP: 2/2
   564 | D:1      | Reached skill level 6 in Stealth
   710 | D:1      | Reached XP level 3. HP: 25/25 MP: 3/3
   854 | D:1      | Found a faded altar of an unknown god.
  1174 | D:2      | Found Hak Wih's Armour Boutique.
  1411 | D:2      | Reached XP level 4. HP: 12/30 MP: 4/4
  1630 | D:2      | Reached skill level 7 in Stealth
  2076 | D:2      | Reached XP level 5. HP: 35/35 MP: 5/5
  2389 | D:3      | Gained mutation: You are frail. (-10% HP) [potion of
                  | mutation]
  2921 | D:3      | Found a bloodstained altar of Trog.
  2924 | D:3      | Found a shimmering altar of Xom.
  2925 | D:3      | Found a shadowy altar of Dithmenos.
  2929 | D:3      | Found a radiant altar of Vehumet.
  2935 | D:3      | Became a worshipper of Dithmenos the Shadowed
  3038 | D:4      | Found Ymeivveg's Antique Weapon Boutique.
  3141 | D:4      | Noticed Yogidamonk's ghost (novice MiFi)
  3142 | D:4      | Found a transporter.
  3145 | D:4      | Found a transporter.
  3239 | D:4      | Identified 2 scrolls of acquirement
  3239 | D:4      | Acquired 939 gold pieces
  3240 | D:4      | Acquired the ring "Lecranky" {rCorr Dex+2 SInv Stlth+}
  3431 | D:4      | Found Vytaom's Antique Weapon Emporium.
  3444 | D:4      | Found Waavuc's Book Shoppe.
  3459 | D:4      | Reached skill level 8 in Stealth
  3459 | D:4      | Reached XP level 6. HP: 36/36 MP: 6/6
  3615 | D:2      | Bought an orb of light for 192 gold pieces
  3642 | D:5      | Entered Level 5 of the Dungeon
  3783 | D:5      | Noticed Pikel
  3799 | D:5      | Killed Pikel
  3800 | D:5      | Reached skill level 10 in Stealth
  3800 | D:5      | Reached XP level 7. HP: 12/40 MP: 7/7
  4055 | D:5      | Lost mutation: You are frail. (-10% HP) [potion of
                  | mutation]
  4055 | D:5      | Gained mutation: Your muscles are strong. (Str +4, Int/Dex
                  | -1) [potion of mutation]
  4055 | D:5      | Gained mutation: You expend magic power (3 MP) to
                  | strengthen your wands. [potion of mutation]
  4055 | D:5      | Gained mutation: Your spells are a little harder to cast,
                  | but a little more powerful. [potion of mutation]
  4126 | D:5      | Reached skill level 5 in Short Blades
  4215 | D:5      | Found a hazy altar of Hepliaklqana.
  4265 | D:5      | Noticed Blork the orc
  4280 | D:5      | Reached XP level 8. HP: 44/52 MP: 8/8
  4285 | D:5      | Killed Blork the orc
  4522 | D:5      | Reached * piety under Dithmenos
  4523 | D:5      | Reached skill level 11 in Stealth
  4610 | D:5      | Noticed Grinder
  4623 | D:5      | Killed Grinder
  4899 | D:5      | Found a runed translucent door.
  4900 | D:5      | Noticed Crazy Yiuf
  4907 | D:5      | Killed Crazy Yiuf
  4910 | D:5      | Identified the +1 hammer "Obeonue" {spect, rPois rC+ Will+
                  | Str+2}
  5107 | D:6      | Noticed Eustachio
  5240 | D:5      | Reached skill level 12 in Stealth
  5345 | D:6      | Noticed Menkaure
  5348 | D:6      | Reached XP level 9. HP: 57/57 MP: 9/9
  5361 | D:6      | Killed Menkaure
  5372 | D:6      | Killed Eustachio
  6102 | D:7      | Found a staircase to the Ecumenical Temple.
  6293 | D:7      | Reached ** piety under Dithmenos
  6778 | D:7      | Reached skill level 13 in Stealth
  7191 | D:8      | Noticed Grum
  7196 | D:8      | Reached skill level 5 in Dodging
  7196 | D:8      | Reached XP level 10. HP: 65/65 MP: 10/10
  7202 | D:8      | Killed Grum
  7366 | D:8      | Noticed a death knight
  7371 | D:8      | Noticed a five-headed hydra
  7504 | D:9      | Noticed a lindwurm
  7527 | D:9      | Killed from afar by an electric eel

Illustrated notes

Levels and vault maps discovered:
D:1:      amcnicky_arrival_double_pillar, layout_loops_corners,
          shapermc_ecumenical_altar_hornbeckon
D:2:      layout_basic, serial_forest, infiniplex_forest_join,
          infiniplex_forest_pool, infiniplex_forest_end_2,
          infiniplex_forest_end_double, infiniplex_forest_straight_1,
          infiniplex_forest_end_3, serial_shops,
          nicolae_shop_temple_entry_statues_fountains
D:3:      layout_loops_cross, minitemple
D:4:      layout_basic, serial_shops, shop, kennysheep_little_box, shop,
          gammafunk_ghost_arena
D:5:      layout_loops_corners, lemuel_tele_altar, uniq_pikel,
          uniq_crazy_yiuf_cottage, uniq_blork_the_orc, uniq_grinder
D:6:      layout_cave_pools, water_boxes_lemuel, uniq_eustachio, uniq_menkaure
D:7:      wad_woods_tower, layout_loops_ring, minmay_temple_entry_purple_smoke
D:8:      layout_cave_pools, minmay_manual_macuahuitl, uniq_grum
D:9:      layout_basic, nicolae_overflow_crystal_walls, david_orc_2,
          minmay_lindwurm_lava

Skill      XL: |  1  2  3  4  5  6  7  8  9 10 |
---------------+-------------------------------+-----
Stealth        | 6 7 8 10 12 13 | 13.6
Short Blades   | 4 5 6 8 9 |  9.0
Fighting       | 3 4 |  4.6
Dodging        | 2 5 |  5.5
Throwing       | |  2.3

Action                   |  1- 3 |  4- 6 |  7- 9 | 10-12 || total
-------------------------+-------+-------+-------+-------++-------
Melee: Dagger            |    55 |    93 |   247 |    21 ||   416
       Constrict         |    11 |    15 |    52 |     2 ||    80
       Tentacles         |     6 |    10 |    60 |     5 ||    81
       Punch             |     1 |     2 |     4 |     1 ||     8
Throw: Dart              |       |     2 |       |       ||     2
Evoke: Wand              |       |     1 |       |       ||     1
  Use: Scroll            |     3 |     4 |    13 |       ||    20
       Potion            |       |     1 |     5 |       ||     6
 Stab: Sleeping          |    22 |    23 |    13 |     6 ||    64
       Distracted        |       |     1 |     2 |       ||     3
       Paralysed         |       |     1 |       |       ||     1
Armor: Skin              |     2 |     7 |    61 |     3 ||    73
Dodge: Dodged            |    18 |    42 |   238 |     8 ||   306

Table legend: (Time is in decaauts)
 A = Elapsed time spent in this place.
 B = Non-inter-level travel time spent in this place.
 C = Inter-level travel time spent in this place.
 D = Time resting spent in this place.
 E = Time spent auto-exploring this place.
 F = Levels seen in this place.
 G = Mean time per level.
                   A        B        C        D        E       F      G
               +--------+--------+--------+--------+--------+-----+--------+
         Total |   7414 |   6981 |    433 |   1066 |   4576 |   9 |  823.8 |
       Dungeon |   7414 |   6981 |    433 |   1066 |   4576 |   9 |  823.8 |
               +--------+--------+--------+--------+--------+-----+--------+

Top non-repeatable levels by time:
     D:5: 1387 daAuts
     D:1: 1169 daAuts
     D:7: 1149 daAuts
     D:3: 1080 daAuts
     D:6: 926 daAuts
     D:2: 806 daAuts
     D:4: 567 daAuts
     D:8: 228 daAuts
     D:9: 99 daAuts
